 Dungeon Crawl Stone Soup version 0.24.0-13-gcf9b319 (webtiles) character file.

Game seed: 14325300450025129786, levelgen mode: deterministic

157 Fang the Covered (level 5, -3/33 HPs)
             Began as a Gargoyle Fighter on Dec 16, 2019.
             Killed by divine providence
             ... invoked by an orc priest
              (9 damage)
             ... on level 3 of the Dungeon.
             The game lasted 00:01:25 (1418 turns).

Fang the Covered (Gargoyle Fighter)                 Turns: 1418, Time: 00:01:25

Health: -3/33      AC: 13    Str: 20    XL:     5   Next: 38%
Magic:  5/5        EV:  5    Int:  9    God:
Gold:   89         SH:  9    Dex:  9    Spells: 4/4 levels left

rFire    . . .     SeeInvis .   a - +0 war axe
rCold    . . .     Gourm    .   c - +0 shield
rNeg     + . .     Faith    .   b - +0 chain mail
rPois    ∞         Spirit   .   (no helmet)
rElec    +         Reflect  .   (no cloak)
rCorr    .         Harm     .   (no gloves)
MR       .....                  (no boots)
Stlth    ..........             (no amulet)
HPRegen  0.11/turn              (no ring)
MPRegen  0.09/turn              (no ring)

@: no status effects
A: negative energy resistance 1, electricity resistance, unbreathing,
petrification resistance, rot immunity, AC +4
a: no special abilities


You were on level 3 of the Dungeon.
You were not hungry.

You visited 1 branch of the dungeon, and saw 3 of its levels.

You collected 89 gold pieces.

Inventory:

Hand Weapons
 a - a +0 war axe (weapon)
Armour
 b - a +0 chain mail (worn)
 c - a +0 shield (worn)
Wands
 q - a wand of enslavement (11)
Scrolls
 e - 2 scrolls of teleportation {unknown}
 h - a scroll of random uselessness {unknown}
 i - 2 scrolls of enchant armour {unknown}
 j - 2 scrolls of remove curse {unknown}
 k - a scroll of blinking {unknown}
 m - a scroll of noise {unknown}
 r - 2 scrolls of identify {unknown}
Potions
 d - a potion of might
 l - a potion of mutation {unknown}
 n - a potion of curing {unknown}
 o - 2 potions of flight {unknown}
 p - a potion of brilliance {unknown}
Comestibles
 f - 4 rations
 g - 14 chunks of flesh


   Skills:
 + Level 4.3 Fighting
 + Level 2.8 Axes
 + Level 4.3 Armour
 + Level 4.3 Shields


You had 4 spell levels left.
You didn't know any spells.
Your spell library was empty.

Dungeon Overview and Level Annotations

Branches:
Dungeon (3/15)

Altars:
Dithmenos


Innate Abilities, Weirdness & Mutations

You are resistant to torment.
Your stone body is resilient. (AC +4)
You are immune to poison.
You resist negative energy. (rN+)
You are resistant to electric shocks. (rElec)
You can survive without breathing.
You are immune to petrification.
You are immune to rotting.


Message History

You are too injured to fight recklessly!
You are too injured to fight recklessly!
You are too injured to fight recklessly!
You are too injured to fight recklessly!
You are too injured to fight recklessly!
You are too injured to fight recklessly!
You are too injured to fight recklessly!
You are too injured to fight recklessly!
You are too injured to fight recklessly!
You are too injured to fight recklessly!
You are too injured to fight recklessly!
You are too injured to fight recklessly!
You are too injured to fight recklessly!
You are too injured to fight recklessly!
You closely miss the orc priest.
Your shield and chain mail prevent you from hitting something.
Your chain mail prevents you from hitting the orc.
The orc priest mumbles some strange prayers to Beogh against you.
Beogh smites you!
You die...

####### ....... <......
###o......
###############(@oo.....
................#{o.....
#################K......
....... ....... ..#####
###


You could see an orc priest, 3 orcs and a kobold.

Vanquished Creatures
  Jessica (D:2)
  Terence (D:2)
  2 adders (D:2)
  An ooze (D:3)
  A worm (D:2)
  3 dart slugs (D:1)
  4 leopard geckos
  An orc (D:3)
  3 bats
  4 giant cockroaches
  4 goblins
  6 hobgoblins
  14 jackals
  A quokka (D:3)
  5 frilled lizards
  6 kobolds
  10 rats
67 creatures vanquished.

Notes
Turn   | Place    | Note
-------+----------+-------------------------------------------
     0 | D:1      | Fang the Gargoyle Fighter began the quest for the Orb.
     0 | D:1      | Reached XP level 1. HP: 14/14 MP: 1/1
   164 | D:1      | Reached XP level 2. HP: 19/19 MP: 2/2
   364 | D:1      | Reached XP level 3. HP: 22/23 MP: 3/3
   693 | D:2      | Found a shadowy altar of Dithmenos.
   775 | D:2      | Reached XP level 4. HP: 18/29 MP: 4/4
   918 | D:2      | Noticed Terence
   939 | D:2      | Killed Terence
  1048 | D:2      | Noticed Jessica
  1057 | D:2      | Killed Jessica
  1057 | D:2      | Reached XP level 5. HP: 26/33 MP: 5/5
  1418 | D:3      | Killed from afar by an orc priest

Levels and vault maps discovered:
D:1:      wander_arrival_abandoned_jail, layout_basic
D:2:      layout_loops_cross, overflow_temple_1_default, uniq_terence,
          uniq_jessica
D:3:      layout_rooms, first_ration, uniq_natasha, uniq_sigmund

Skill      XL: |  1  2  3  4 |
---------------+-------------+-----
Axes           | 2 |  2.8
Armour         | 4 |  4.3
Fighting       | 4 |  4.3
Shields        | 4 |  4.3

Action                   |  1- 3 |  4- 6 || total
-------------------------+-------+-------++-------
Melee: War axe           |   103 |    90 ||   193
  Eat: Chunk             |       |     2 ||     2
Armor: Scale mail        |     8 |       ||     8
       Chain mail        |    82 |    71 ||   153
Dodge: Dodged            |    27 |    33 ||    60
Block: Shield            |    68 |    57 ||   125
